 Dungeon Crawl Stone Soup version 0.20.1-1-g8b1a95d (webtiles) character file.

112935 Taddel the Nimble (level 16, -17/120 HPs)
             Began as a Red Draconian Transmuter on Oct 1, 2017.
             Was a Follower of Uskayaw.
             Demolished by a merfolk impaler
             ... wielding a +3 demon trident of venom
              (25 damage)
             ... on level 1 of the Shoals on Oct 2, 2017.
             The game lasted 05:59:02 (31710 turns).

Taddel the Nimble (Red Draconian Transmuter)       Turns: 31710, Time: 05:59:03

Health: -17/120    AC: 16    Str: 15    XL:     16   Next: 12%
Magic:  21/41      EV: 27    Int: 18    God:    Uskayaw [*.....]
Gold:   73         SH:  3    Dex: 24    Spells: 2/37 levels left

rFire    + + +     SeeInvis +     - Unarmed
rCold    . . .     Gourm    .   (shield currently unavailable)
rNeg     + + +     Faith    .   (armour unavailable)
rPois    +         Spirit   .   U - +3 hat of Pondering {ponderous, MR+ MP+10 Int+5}
rElec    +         Reflect  +   z - +0 cloak
rCorr    .         Harm     .   (gloves currently unavailable)
MR       ++...     Clarity  +   w - +2 pair of boots
Stlth    ++........             i - amulet "Torghimune" {Reflect +Inv rElec rN+++ SH+3 Stlth-}
Regen    0.7/turn               B - ring of Untruth {*Contam +Fly rElec SInv}
MPRegen  0.3/turn               u - ring "Muive" {Wiz rPois rF++ Str+2}

@: agile, blade hands, heavily drained, slow
A: breathe fire, unfitting armour, antennae 1, clarity, fire resistance 2, frail
1, regeneration 1, evolution 1, cold-blooded, subdued magic 1, AC +9
a: Breathe Fire, End Transformation, Stomp, Renounce Religion, Evoke
Invisibility, Evoke Flight


You were on level 1 of the Shoals.
You worshipped Uskayaw.
Uskayaw was aware of your devotion.
You were not hungry.
You had blades for hands.
You visited 4 branches of the dungeon, and saw 23 of its levels.
You also visited: Labyrinth, Trove, Sewer and Ossuary.

You collected 1817 gold pieces.
You spent 1744 gold pieces at shops.

Inventory:

Missiles
 a - 628 arrows
 g - a throwing net (quivered)
Armour
 w - a +2 pair of boots (worn)
 z - a +0 cloak (worn)
 F - the +2 pair of gloves of the Hot Ocelot (melded) {rPois}
   (You found it on level 13 of the Dungeon)

   It protects you from poison.
 U - the +3 hat of Pondering (worn) {ponderous, MR+ MP+10 Int+5}
   (You took it off Gastronok on level 10 of the Dungeon)

   It affects your intelligence (+5).
   It affects your resistance to hostile enchantments.
   It affects your magic capacity (+10).
Magical Staves
 c - an uncursed staff of power
Jewellery
 i - the amulet "Torghimune" (around neck) {Reflect +Inv rElec rN+++ SH+3 Stlth-}
   (You found it in a treasure trove)

   [amulet of reflection]

   It shields you and reflects attacks.
   It insulates you from electricity.
   It renders you almost immune to negative energy.
   It lets you turn invisible.
   It affects your SH (+3).
   It makes you less stealthy.
 u - the ring "Muive" (right scythe-like blade) {Wiz rPois rF++ Str+2}
   (You found it in a treasure trove)

   [ring of wizardry]

   It improves your spell success rate.
   It affects your strength (+2).
   It greatly protects you from fire.
   It protects you from poison.
 B - the ring of Untruth (left scythe-like blade) {*Contam +Fly rElec SInv}
   (You found it in a treasure trove)

   [ring of flight]

   It insulates you from electricity.
   It lets you see invisible.
   It lets you fly.
   It causes magical contamination when unequipped.
 Q - an uncursed amulet of the gourmand
Wands
 y - a wand of iceblast (3/15)
 D - a wand of clouds (7/9)
 X - a wand of digging (5/24)
Scrolls
 f - 21 scrolls of teleportation
 l - 6 scrolls of fog
 o - 6 scrolls of magic mapping
 t - 6 scrolls of amnesia
 v - a scroll of brand weapon {unknown}
 x - 2 scrolls of fear
 A - 3 scrolls of random uselessness {unknown}
 H - 3 scrolls of noise {unknown}
 P - 2 scrolls of vulnerability {unknown}
 S - 7 scrolls of remove curse
Potions
 b - 2 potions of cancellation {unknown}
 e - 9 potions of heal wounds
 h - 18 potions of curing
 j - 6 potions of might
 p - 4 potions of lignification
 r - 9 potions of flight
 s - a potion of ambrosia {unknown}
 C - a potion of experience {unknown}
 G - a potion of agility
 I - 3 potions of haste
 J - a potion of berserk rage {unknown}
 K - 3 potions of invisibility
 Z - a potion of resistance {unknown}
Books
 M - a book of Air

   Spells                             Type                      Level
   a - Shock                          Conjuration/Air              1
   b - Swiftness                      Charms/Air                   2
   c - Static Discharge               Conjuration/Air              3
   d - Airstrike                      Air                          4
   e - Lightning Bolt                 Conjuration/Air              5


   Skills:
 - Level 10.0(6.7) Fighting
 * Level 13.8(10.1) Dodging
 - Level 10.4(7.0) Unarmed Combat
 - Level 11.0(7.5) Spellcasting
 * Level 9.0(5.8) Conjurations
 - Level 0.1(0.0) Hexes
 - Level 10.0(6.6) Transmutations
 - Level 10.0(6.7) Fire Magic
 * Level 3.8(0.9) Air Magic
 - Level 10.2(6.8) Invocations
 * Level 0.6(0.0) Evocations


You had 2 spell levels left.
You knew the following spells:

 Your Spells              Type           Power        Failure   Level  Hunger
a - Beastly Appendage     Tmut           ###...       4%          1    None
b - Sticks to Snakes      Tmut           ###.....     5%          2    None
c - Spider Form           Tmut/Pois      ##........   16%         3    #......
d - Blade Hands           Tmut           ###.......   26%         5    #####..
e - Flame Tongue          Conj/Fire      ###..        4%          1    None
f - Throw Flame           Conj/Fire      ###...       5%          2    None
g - Conjure Flame         Conj/Fire      ###.....     8%          3    #......
h - Inner Flame           Hex/Fire       ##......     16%         3    #......
i - Sticky Flame          Conj/Fire      ###.....     16%         4    ###....
j - Fireball              Conj/Fire      ###.......   30%         5    #####..
k - Swiftness             Chrm/Air       #.......     21%         2    None
l - Airstrike             Air            #.........   56%         4    ###....


Dungeon Overview and Level Annotations

Branches:
Dungeon (15/15)            Temple (1/1) D:4            Lair (6/6) D:11
 Shoals (1/4) Lair:3        Snake (0/4) Lair:3        Slime (0/5) Lair:5
    Orc (0/2) D:10         Vaults (0/5) D:13         Depths (0/5) D:15

Altars:
Ashenzari
Cheibriados
Dithmenos
Elyvilon
Fedhas
Gozag
Hepliaklqana
Kikubaaqudgha
Makhleb
Nemelex Xobeh
Okawaru
Qazlal
Ru
Sif Muna
Trog
Uskayaw
Vehumet
Xom
Yredelemnul
Zin
The Shining One

Shops:
D:5 [   D:6 :}   D:15 %


Innate Abilities, Weirdness & Mutations

You can breathe blasts of fire.
Your fiery red scales are hard. (AC +9)
You cannot fit into any form of body armour.
Your flesh is very heat resistant. (rF++)
You are cold-blooded and may be slowed by cold attacks.
You have a pair of small antennae on your head.
You possess an exceptional clarity of mind.
You are frail. (-10% HP)
Your natural rate of healing is unusually fast.
You evolve.
Your spells are a little easier to cast, but a little less powerful.


Message History

You block the water elemental's attack.
You can no longer pass through a line of other dancers.
You feel sick.
The merfolk impaler completely misses you.
The merfolk impaler hits you from afar with a demon trident of venom!
The merfolk impaler hits you with a demon trident of venom!
* * * LOW HITPOINT WARNING * * *
The water elemental completely misses you.
The merfolk impaler hits you with a demon trident of venom!!
* * * LOW HITPOINT WARNING * * *
You feel better. The merfolk impaler barely misses you.
The water elemental hits you.
* * * LOW HITPOINT WARNING * * *
Okay, then.
Press: ? - help, v - describe, . - travel
Here: a water elemental The floor.
You feel agile all of a sudden.
The merfolk impaler hits you with a demon trident of venom!!
You die...

...... ≈≈....≈........≈≈≈≈
......##..≈...........≈≈≈≈
.......##.≈≈≈≈..≈...≈≈≈≈≈≈
..≈......≈≈≈≈≈≈≈....≈.≈≈≈
#≈....≈≈≈≈≈≈.........≈≈
##....≈≈P≈≈≈≈PP.#....≈≈≈
#..≈..≈≈≈≈≈≈...P..≈≈≈≈≈≈
....≈.###mE≈≈≈≈.P≈..≈≈≈≈≈≈
...≈≈ #.@.≈≈P≈P≈≈≈≈≈≈≈≈≈
...≈ ###PP≈P≈P≈P≈≈≈≈≈≈≈
... #.PPP.PP≈≈≈≈≈≈≈≈ ..
##P≈≈PP≈≈≈≈≈.≈≈≈ .
.P....P≈≈≈≈≈≈≈≈≈≈≈≈
....P.≈≈P≈≈≈≈≈≈≈≈≈≈
.P..≈PPP≈P≈≈≈≈≈≈
..≈.≈≈P≈≈≈≈≈≈≈≈≈
≈≈≈≈≈≈≈≈≈≈≈≈≈≈≈≈


You could see a merfolk impaler and a water elemental.

Vanquished Creatures
  Gastronok (D:10)
  Azrael (D:13)
  A minotaur (Lab)
  Josephine (D:13)
  Harold (D:12)
  A vault guard (D:13)
  6 hydras
  An ice dragon (D:13)
  Erica (Lair:1)
  A death knight (D:15)
  A catoblepas (Lair:5)
  4 centaur warriors
  An ogre mage (D:15)
  9 two-headed ogres
  Urug (Lair:2)
  Sonja (Lair:4)
  The ghost of Melbolja the Skirmisher, a novice HOFi of Beogh (D:11)
  2 skeletal warriors (D:15)
  Nergalle (Lair:4)
  4 unseen horrors
  A shadow wraith (D:13)
  A wizard (D:15)
  An orc knight (D:15)
  Pikel (D:7)
  A wolf spider (Lair:6)
  13 ugly things
  3 manticores
  6 oklob plants
  2 deep elf magi (D:15)
  5 cyclopes
  A black mamba (shapeshifter) (D:14)
  19 elephants
  The ghost of Internecine the Magician, a novice DEFE of Sif Muna (D:5)
  A guardian serpent (Lair:6)
  2 naga magi (D:15)
  21 spiny frogs
  8 black mambas
  A kobold demonologist (D:11)
  5 rime drakes
  9 komodo dragons
  A freezing wraith (D:15)
  A minotaur zombie (Lab)
  4 trolls
  10 polar bears (Lair:6)
  5 hornets
  3 dream sheep
  3 blink frogs (Lair:5)
  A wind drake (Shoals:1)
  3 raiju (Lair:6)
  16 slime creatures
  17 hippogriffs
  2 redbacks (Lair:6)
  A water elemental (Lair:3)
  3 shadows
  9 wraiths
  13 wyverns
  Eustachio (D:4)
  3 fire elementals (D:13)
  65 yaks
  A steam dragon (D:15)
  11 basilisks
  Grum (D:8)
  6 vampire mosquitoes
  A hungry ghost (D:10)
  6 wargs (Lair:6)
  19 water moccasins
  2 two-headed ogre zombies (D:10)
  5 nagas (Lair:3)
  An acid dragon (D:15)
  15 hell hounds
  4 soldier ants
  14 porcupines
  6 orc warriors
  6 ice beasts
  5 sky beasts
  A slave (D:7)
  18 black bears
  3 phantoms
  13 ogres
  26 wolves
  An eye of draining (D:13)
  18 centaurs
  12 crocodiles
  8 big kobolds
  19 bullfrogs
  A gnoll sergeant (D:7)
  A wyvern skeleton (D:12)
  4 scorpions
  12 killer bees
  12 wights
  2 electric eels (Lair:2)
  4 howler monkeys
  5 crimson imps
  4 bullfrog zombies
  3 centaur zombies
  2 bullfrog skeletons
  17 orc wizards
  Crazy Yiuf (D:4)
  4 hounds
  2 centaur skeletons
  7 orc priests
  18 jellies
  A gnoll shaman (D:7)
  Natasha (thrice) (D:4)
  7 iguanas
  12 worker ants
  A killer bee zombie (Ossuary)
  6 ogre zombies (D:10)
  3 hound zombies
  A hound skeleton (D:5)
  15 mummies (Ossuary)
  7 worker ant zombies
  A howler monkey skeleton (D:5)
  2 howler monkey zombies
  13 gnolls
  14 adders
  7 river rats (Sewer)
  8 shadow imps
  10 oozes (D:14)
  4 adder zombies (Ossuary)
  An adder skeleton (D:5)
  A dart slug (D:1)
  3 worms (D:4)
  9 leopard geckos
  44 orcs
  6 ball pythons
  4 giant cockroaches
  10 hobgoblins
  13 jackals
  31 kobolds
  8 quokkas
  5 bats
  6 frilled lizards
  2 giant cockroach zombies (Ossuary)
  5 goblins
  A goblin skeleton (D:10)
  2 goblin zombies (D:10)
  A hobgoblin skeleton (D:10)
  2 hobgoblin zombies (D:10)
  A jackal skeleton (D:7)
  2 jackal zombies (Ossuary)
  4 leopard gecko zombies (Ossuary)
  19 orc zombies (D:10)
  2 quokka zombies
  21 rats
  3 fungi
  5 plants
950 creatures vanquished.

Vanquished Creatures (others)
  An orc (D:10)
  20 fungi
  34 plants
  A withered plant (Ossuary)
56 creatures vanquished.

Grand Total: 1006 creatures vanquished

Notes
Turn   | Place    | Note
-------+----------+-------------------------------------------
     0 | D:1      | Taddel the Draconian Transmuter began the quest for the Orb.
     0 | D:1      | Reached XP level 1. HP: 16/16 MP: 3/3
   110 | D:1      | Found a shattered altar of Ashenzari.
   164 | D:1      | Reached XP level 2. HP: 20/23 MP: 5/5
   968 | D:1      | Learned a level 2 spell: Sticks to Snakes
  1004 | D:2      | Reached XP level 3. HP: 28/28 MP: 4/6
  1628 | D:3      | Found a sacrificial altar of Ru.
  1731 | D:3      | Learned a level 3 spell: Spider Form
  1930 | D:3      | Reached XP level 4. HP: 21/35 MP: 2/7
  2226 | D:3      | Found a radiant altar of Vehumet.
  2586 | D:4      | Reached skill level 2 in Dodging
  2667 | D:4      | Noticed Natasha
  2682 | D:4      | Killed Natasha
  2682 | D:4      | Reached XP level 5. HP: 28/41 MP: 3/8
  2704 | D:4      | Noticed Eustachio
  2840 | D:4      | Killed Eustachio
  2840 | D:4      | Reached XP level 6. HP: 13/48 MP: 5/10
  3050 | D:4      | Found a staircase to the Ecumenical Temple.
  3086 | D:4      | Reached skill level 5 in Unarmed Combat
  3121 | D:4      | Found a glowing drain.
  3124 | D:4      | Noticed Natasha
  3132 | D:4      | Killed Natasha
  3198 | Sewer    | Entered a sewer
  3703 | Sewer    | Your scales start taking on a fiery red colour.
  3703 | Sewer    | Reached XP level 7. HP: 38/56 MP: 9/12
  3703 | Sewer    | Gained mutation: Your flesh is heat resistant. (rF+) [Red Draconian growth]
  4159 | Temple   | Entered the Ecumenical Temple
  4446 | D:4      | Noticed Natasha
  4499 | D:4      | Killed Natasha
  4521 | D:4      | Learned a level 5 spell: Blade Hands
  4765 | D:4      | Found a runed door.
  4769 | D:4      | Noticed Crazy Yiuf
  4773 | D:4      | Killed Crazy Yiuf
  4920 | D:5      | Entered Level 5 of the Dungeon
  4956 | D:5      | Noticed Internecine's ghost (novice DEFE)
  4962 | D:5      | Killed Internecine's ghost
  4962 | D:5      | Reached skill level 5 in Transmutations
  4962 | D:5      | Reached XP level 8. HP: 40/63 MP: 6/15
  5101 | D:5      | Reached skill level 3 in Dodging
  5398 | D:5      | Found Efirch's Antique Armour Boutique.
  5421 | D:5      | Reached skill level 5 in Spellcasting
  5807 | D:5      | Found a blossoming altar of Fedhas.
  6196 | D:6      | Found Foerch's Gadget Shop.
  6327 | D:6      | Reached XP level 9. HP: 28/71 MP: 11/17
  6715 | D:6      | Found Hawny's Book Boutique.
  6739 | D:6      | Gained mutation: You have sharp toenails. [mutagenic meat]
  7255 | D:7      | Found a sand-covered staircase.
  7260 | Ossuary  | Entered an ossuary
  7626 | D:7      | Reached skill level 5 in Fighting
  7788 | D:7      | Reached skill level 4 in Dodging
  8235 | D:7      | Found an ancient bone altar of Kikubaaqudgha.
  8342 | D:7      | Noticed Pikel
  8352 | D:7      | Killed Pikel
  8352 | D:7      | Reached XP level 10. HP: 69/81 MP: 9/19
  8577 | D:7      | Gained mutation: Your magical capacity is low. (-10% MP) [mutagenic meat]
  8741 | D:6      | Bought a book of Flames for 420 gold pieces
  8743 | D:6      | Learned a level 1 spell: Flame Tongue
  8746 | D:6      | Learned a level 2 spell: Throw Flame
  8750 | D:6      | Learned a level 3 spell: Conjure Flame
  8754 | D:6      | Learned a level 3 spell: Inner Flame
  9035 | D:8      | Noticed Grum
  9058 | D:8      | Reached skill level 1 in Fire Magic
  9069 | D:8      | Killed Grum
  9085 | D:8      | Found a white marble altar of Elyvilon.
  9201 | D:8      | Reached skill level 1 in Conjurations
  9520 | D:9      | Reached skill level 10 in Unarmed Combat
 10310 | D:9      | Reached XP level 11. HP: 77/89 MP: 16/20
 10517 | D:9      | Reached skill level 5 in Dodging
 10632 | D:10     | Entered Level 10 of the Dungeon
 11007 | D:10     | Noticed Gastronok
 11025 | D:10     | Killed Gastronok
 11261 | Temple   | Became a worshipper of Uskayaw the Reveler
 11388 | D:10     | Reached * piety under Uskayaw
 11393 | D:10     | Reached ** piety under Uskayaw
 11430 | D:10     | Reached *** piety under Uskayaw
 11452 | D:10     | Found a staircase to the Orcish Mines.
 11470 | D:10     | Reached **** piety under Uskayaw
 11478 | D:10     | Reached ***** piety under Uskayaw
 11493 | D:10     | Reached ****** piety under Uskayaw
 11732 | D:10     | Noticed a two-headed ogre
 11740 | D:10     | Killed a two-headed ogre
 12351 | D:11     | Reached skill level 1 in Invocations
 12384 | D:11     | Noticed a purple ugly thing
 12398 | D:11     | Killed a purple ugly thing
 12521 | D:11     | Noticed Melbolja's ghost (novice HOFi)
 12522 | D:11     | Noticed a two-headed ogre
 12531 | D:11     | Killed Melbolja's ghost
 12531 | D:11     | Reached skill level 6 in Dodging
 12538 | D:11     | Killed a two-headed ogre
 12685 | D:11     | Found a staircase to the Lair.
 12969 | D:11     | Reached XP level 12. HP: 97/100 MP: 22/22
 12999 | D:11     | Noticed a two-headed ogre
 13011 | D:11     | Killed a two-headed ogre
 13632 | D:12     | Found a labyrinth entrance.
 13828 | Lab      | Entered a labyrinth
 14863 | Lab      | Noticed a minotaur
 14887 | Lab      | Killed a minotaur
 15254 | D:12     | Noticed Harold
 15314 | D:12     | Killed Harold
 15314 | D:12     | Reached skill level 10 in Transmutations
 15451 | D:11     | Learned a level 4 spell: Sticky Flame
 15457 | D:11     | Learned a level 5 spell: Fireball
 16134 | D:12     | Noticed a six-headed hydra
 16142 | D:12     | Killed a six-headed hydra
 16142 | D:12     | Reached skill level 5 in Fire Magic
 16301 | D:13     | Found a hazy altar of Hepliaklqana.
 16735 | D:13     | Reached skill level 10 in Spellcasting
 16796 | D:13     | Reached skill level 7 in Dodging
 16803 | D:13     | Noticed an ice dragon
 16808 | D:13     | Killed an ice dragon
 17114 | D:13     | Found a gate to the Vaults.
 17119 | D:13     | Got a pair of bloodstained gloves
 17130 | D:13     | Identified the +2 pair of gloves of the Hot Ocelot {rPois} (You found it on level 13 of the Dungeon)
 17163 | D:13     | Noticed a two-headed ogre
 17167 | D:13     | Killed a two-headed ogre
 17185 | D:13     | Noticed Josephine
 17193 | D:13     | Killed Josephine
 17323 | D:13     | Noticed Azrael
 17342 | D:13     | Killed Azrael
 17342 | D:13     | Reached XP level 13. HP: 71/107 MP: 24/24
 17613 | D:13     | Found a portal to a secret trove of treasure.
 18147 | D:13     | Reached skill level 5 in Invocations
 18342 | D:7      | Reached skill level 5 in Conjurations
 19017 | D:14     | Reached skill level 8 in Dodging
 19369 | D:14     | Gained mutation: You are resistant to hostile enchantments. (MR+) [mutagenic meat]
 19370 | D:14     | Gained mutation: You evolve. [mutagenic meat]
 19371 | D:14     | Gained mutation: Your large and strong wings let you fly indefinitely. [mutagenic meat]
 19392 | D:14     | Lost mutation: Your large and strong wings let you fly indefinitely. [evolution]
 19395 | D:14     | Gained mutation: Potions are less effective at restoring your health. [mutagenic meat]
 19396 | D:14     | Gained mutation: Your spells are a little harder to cast, but a little more powerful. [mutagenic meat]
 20152 | D:14     | Reached skill level 9 in Dodging
 20222 | D:15     | Entered Level 15 of the Dungeon
 20547 | D:15     | Reached XP level 14. HP: 35/118 MP: 22/26
 20825 | D:15     | Reached skill level 10 in Dodging
 20964 | D:15     | Gained mutation: Your magical capacity is very low. (-20% MP) [mutagenic meat]
 20965 | D:15     | Gained mutation: You are frail. (-10% HP) [mutagenic meat]
 20966 | D:15     | Lost mutation: Your spells are a little harder to cast, but a little more powerful. [mutagenic meat]
 21325 | D:15     | Found Wihomir's Food Emporium.
 21471 | D:15     | Found a staircase to the Depths.
 22005 | Lair:1   | Entered Level 1 of the Lair of Beasts
 22090 | Lair:1   | Reached skill level 11 in Dodging
 22545 | Lair:1   | Noticed Erica
 22559 | Lair:1   | Killed Erica
 23082 | Lair:2   | Noticed Urug
 23107 | Lair:2   | Killed Urug
 24592 | Lair:3   | Found a staircase to the Snake Pit.
 24633 | Lair:3   | Reached skill level 10 in Fighting
 24888 | Lair:3   | Learned a level 2 spell: Swiftness
 24906 | Lair:3   | Found a staircase to the Shoals.
 26145 | Lair:3   | Gained mutation: You have a pair of small horns on your head. [evolution]
 26306 | Lair:4   | Reached XP level 15. HP: 113/113 MP: 24/24
 26423 | Lair:4   | Noticed Sonja
 26431 | Lair:4   | Killed Sonja
 26779 | Lair:4   | Noticed Nergalle
 26784 | Lair:4   | Reached skill level 1 in Air Magic
 26791 | Lair:4   | Killed Nergalle
 27276 | Lair:5   | Found a staircase to the Slime Pits.
 27331 | Lair:5   | Reached skill level 12 in Dodging
 28261 | Lair:6   | Entered Level 6 of the Lair of Beasts
 29212 | Lair:6   | Reached skill level 13 in Dodging
 29744 | Lair:6   | Reached skill level 10 in Invocations
 29861 | Lair:6   | Got a scorched hat
 29872 | Lair:6   | Identified the +3 hat of the Barber Surgeon {-Cast rElec rN++ rCorr} (You found it on level 6 of the Lair of Beasts)
 30233 | Lair:6   | Reached XP level 16. HP: 109/120 MP: 24/24
 30372 | Lair:6   | Reached skill level 10 in Fire Magic
 30720 | D:11     | Lost mutation: Your magical capacity is very low. (-20% MP) [potion of mutation]
 30720 | D:11     | Lost mutation: You are frail. (-10% HP) [potion of mutation]
 30720 | D:11     | Lost mutation: Potions are less effective at restoring your health. [potion of mutation]
 30720 | D:11     | Lost mutation: You have a pair of small horns on your head. [potion of mutation]
 30720 | D:11     | Lost mutation: Your magical capacity is low. (-10% MP) [potion of mutation]
 30720 | D:11     | Lost mutation: You have sharp toenails. [potion of mutation]
 30720 | D:11     | Gained mutation: You are frail. (-10% HP) [potion of mutation]
 30720 | D:11     | Gained mutation: Scrolls take you a little longer to read. [potion of mutation]
 30720 | D:11     | Gained mutation: You possess an exceptional clarity of mind. [potion of mutation]
 30721 | D:11     | Lost mutation: Scrolls take you a little longer to read. [potion of mutation]
 30721 | D:11     | Lost mutation: You are resistant to hostile enchantments. (MR+) [potion of mutation]
 30721 | D:11     | Gained mutation: Your flesh is very heat resistant. (rF++) [potion of mutation]
 30721 | D:11     | Gained mutation: You have a pair of small antennae on your head. [potion of mutation]
 30722 | D:11     | Lost mutation: You have a pair of small antennae on your head. [potion of mutation]
 30722 | D:11     | Gained mutation: Your spells are a little easier to cast, but a little less powerful. [potion of mutation]
 30722 | D:11     | Gained mutation: Your natural rate of healing is unusually fast. [potion of mutation]
 30722 | D:11     | Gained mutation: You have a pair of small antennae on your head. [potion of mutation]
 30728 | D:11     | Learned a level 4 spell: Airstrike
 30863 | D:6      | Bought a manual of Shields for 1324 gold pieces
 31131 | D:13     | You paid a toll of a manual of Shields to enter a treasure trove
 31132 | Trove    | Entered a treasure trove
 31143 | Trove    | Got an ancient ruby amulet
 31145 | Trove    | Identified the amulet of the Trout {Reflect rF+ SH+5} (You found it in a treasure trove)
 31149 | Trove    | Got a transparent emerald amulet
 31151 | Trove    | Got a coiled crystal amulet
 31153 | Trove    | Got a scintillating ivory amulet
 31157 | Trove    | Got a heavily runed ivory ring
 31159 | Trove    | Got a bound amber ring
 31161 | Trove    | Got a wavering turquoise ring
 31185 | Trove    | Identified the amulet "Torghimune" {Reflect +Inv rElec rN+++ SH+3 Stlth-} (You found it in a treasure trove)
 31187 | Trove    | Identified the amulet "Goci" {Harm *Drain Stlth+} (You found it in a treasure trove)
 31189 | Trove    | Identified the amulet of Vampiric Thralls {Reflect *Drain +Inv rF- SH+2 SInv} (You found it in a treasure trove)
 31195 | Trove    | Identified the ring "Bydecs" {MR++ MP+9} (You found it in a treasure trove)
 31197 | Trove    | Identified the ring "Muive" {Wiz rPois rF++ Str+2} (You found it in a treasure trove)
 31199 | Trove    | Identified the ring of Untruth {*Contam +Fly rElec SInv} (You found it in a treasure trove)
 31426 | Shoals:1 | Entered Level 1 of the Shoals
 31708 | Shoals:1 | HP: 4/120 [merfolk impaler/demon trident of venom (25)]
 31710 | Shoals:1 | Demolished by a merfolk impaler

Skill      XL: |  1  2  3  4  5  6  7  8  9 10 11 12 13 14 15 16 |
---------------+-------------------------------------------------+-----
Unarmed Combat | 4 5 6 7 9 10 | 10.4
Dodging        | 2 3 4 6 7 9 11 13 | 13.8
Transmutations | 3 4 5 7 8 9 10 | 10.0
Fighting       | 2 3 4 5 6 7 8 9 10 | 10.0
Spellcasting   | 3 4 5 6 7 9 10 11 | 11.0
Fire Magic     | 2 4 5 6 8 9 10 | 10.0
Conjurations   | 1 3 4 6 7 8 9 |  9.0
Invocations    | 1 4 6 8 10 | 10.2
Air Magic      | 3 |  3.8
Hexes          | |  0.1
Evocations     | |  0.6

Action                   |  1- 3 |  4- 6 |  7- 9 | 10-12 | 13-15 | 16-18 || total
-------------------------+-------+-------+-------+-------+-------+-------++-------
Melee: Unarmed           |   122 |   130 |   305 |   544 |  1130 |   139 ||  2370
       Kick              |    14 |    10 |    44 |   149 |   283 |       ||   500
       Headbutt          |     7 |     7 |     8 |    10 |    95 |    17 ||   144
       Tailslap          |     6 |    12 |    26 |    67 |   157 |    30 ||   298
       Punch             |     1 |     1 |     5 |    19 |    63 |     8 ||    97
       Staff             |       |    67 |    79 |    17 |       |       ||   163
Throw: Throwing net      |       |       |       |       |     1 |       ||     1
 Cast: Beastly Appendage |    24 |    11 |    12 |    14 |     4 |       ||    65
       Spider Form       |     3 |    17 |    15 |     1 |       |       ||    36
       Blade Hands       |       |       |    23 |    54 |   118 |    15 ||   210
       Throw Flame       |       |       |       |    10 |    19 |     2 ||    31
       Inner Flame       |       |       |       |     6 |     3 |       ||     9
       Flame Tongue      |       |       |       |    24 |    20 |     1 ||    45
       Conjure Flame     |       |       |       |     3 |    12 |       ||    15
       Sticks to Snakes  |       |       |       |       |    12 |       ||    12
       Fireball          |       |       |       |       |    13 |       ||    13
       Swiftness         |       |       |       |       |     8 |       ||     8
       Airstrike         |       |       |       |       |       |     3 ||     3
Invok: Stomp             |       |       |       |     2 |     6 |       ||     8
       Line Pass         |       |       |       |     2 |     6 |       ||     8
       Grand Finale      |       |       |       |       |     2 |       ||     2
 Abil: Breathe Fire      |       |       |    15 |    13 |     6 |       ||    34
       End Transformatio |       |       |       |       |     1 |       ||     1
Evoke: Wand              |       |       |       |       |     1 |       ||     1
  Use: Scroll            |       |     6 |     7 |     6 |     4 |     1 ||    24
       Potion            |       |       |       |       |     1 |     5 ||     6
 Stab: Sleeping          |       |     1 |     1 |     4 |       |       ||     6
       Paralysed         |       |       |       |    25 |    92 |     9 ||   126
       Distracted        |       |       |       |       |     2 |       ||     2
       Confused          |       |       |       |       |     2 |       ||     2
  Eat: Chunk             |     4 |     9 |    21 |    56 |    72 |     5 ||   167
       Fruit             |       |       |     8 |     3 |       |       ||    11
       Royal jelly       |       |       |       |       |     4 |       ||     4
       Meat ration       |       |       |       |       |     2 |       ||     2
Armor: Skin              |    30 |    38 |    80 |   130 |   249 |    36 ||   563
Dodge: Dodged            |    79 |   126 |   269 |   378 |  1011 |   159 ||  2022
Block: Other             |       |       |       |       |       |     9 ||     9
